 Dungeon Crawl Stone Soup version 0.28-a0-674-gdaf460b524 (webtiles) character file.

Game seed: 18361841056908401877

45 andesha the Chopper (level 3, -3/33 HPs)
             Began as a Hill Orc Cinder Acolyte on Oct 17, 2021.
             Was a High Priest of Ignis.
             Slain by Crazy Yiuf (8 damage)
             ... on level 2 of the Dungeon.
             The game lasted 00:06:32 (1596 turns).

andesha the Chopper (Hill Orc Cinder Acolyte)       Turns: 1596, Time: 00:06:33

Health: -3/33      AC:  3    Str: 16    XL:     3   Next: 64%
Magic:  1/4        EV: 11    Int: 15    God:    Ignis [*****.]
Gold:   46         SH:  0    Dex:  6    Spells: 2/4 levels left

rFire   + . .      SeeInvis .   a - +0 hand axe (flame)
rCold   . . .      Faith    .   (no shield)
rNeg    . . .      Spirit   .   b - +0 robe
rPois   .          Reflect  .   (no helmet)
rElec   .          Harm     .   n - +0 cloak
rCorr   .          Rampage  .   (no gloves)
Will    .....                   (no boots)
Stlth   +.........              c - amulet of magic regeneration
HPRegen 0.11/turn               (no ring)
MPRegen 0.34/turn               (no ring)

@: lethally poisoned (-3 -> -8), about to teleport, very slightly contaminated,
invisible
A: no striking features
a: Renounce Religion, Sea of Fire, Foxfire Swarm, Rising Flame


You were on level 2 of the Dungeon.
You worshipped Ignis.
Ignis was extremely pleased with you.
You visited 1 branch of the dungeon, and saw 2 of its levels.

You collected 46 gold pieces.

Inventory:

Hand Weapons
 a - a +0 hand axe of flaming (weapon)
Missiles
 i - 52 stones (quivered)
Armour
 b - a +0 robe (worn)
 h - +0 fire dragon scales
 n - a +0 cloak (worn)
Jewellery
 c - an amulet of magic regeneration (around neck)
Scrolls
 f - a scroll of teleportation
 k - a scroll of immolation {unknown}
Potions
 e - 2 potions of might {unknown}
 j - 2 potions of invisibility {unknown}
 l - a potion of lignification {unknown}
 m - a potion of heal wounds {unknown}


   Skills:
 + Level 4.2 Fighting
 + Level 4.4 Axes
 + Level 0.2 Dodging
 + Level 0.1 Stealth
 * Level 1.3 Spellcasting
 * Level 3.8 Fire Magic


You had 2 spell levels left.
You knew the following spells:

 Your Spells              Type           Power      Damage    Failure   Level
a - Scorch                Fire           24%        2d6       8%          2

Your spell library contained the following spells:

 Spells                   Type           Power      Damage    Failure   Level
 Animate Skeleton         Necr           0%         N/A       24%         1
 Beastly Appendage        Tmut           0%         N/A       24%         1
 Pain                     Necr           0%         1d4       24%         1
 Wereblood                Tmut           0%         N/A       36%         2
 Spider Form              Tmut/Pois      0%         N/A       58%         3
 Vampiric Draining        Necr           0%         2d6       58%         3


Dungeon Overview and Level Annotations

Branches:
Dungeon (2/15)

Altars:

Annotations:
D:2 Crazy Yiuf


Message History

You see here a +0 mace.
Found a mace.
You see here a +2 vorpal mace.
You see here a +0 mace.
Found three maces.
Crazy Yiuf glowers.
You see here a +0 mace.
You open the door.
Crazy Yiuf yells, "Rifle tired senile!"
Casting: Scorch (safe; 8% risk of failure)
Confirm with . or Enter, or press ? or * to list all spells.
Flames lash Crazy Yiuf.
Crazy Yiuf is moderately wounded.
Crazy Yiuf's fire resistance burns away.
Crazy Yiuf barely misses you.
Casting: Scorch (safe; 8% risk of failure)
Confirm with . or Enter, or press ? or * to list all spells.
Flames lash Crazy Yiuf.
Crazy Yiuf is burned terribly!
Crazy Yiuf is heavily wounded.
Crazy Yiuf hits you with a +3 quarterstaff of chaos!
You closely miss Crazy Yiuf.
Crazy Yiuf is heavily wounded.
Crazy Yiuf hits you with a +3 quarterstaff of chaos!
* * * LOW HITPOINT WARNING * * *
You are poisoned.
As you read the scroll of teleportation, it crumbles to dust.
You feel strangely unstable.
* * * LOW HITPOINT WARNING * * *
You feel sick.
Crazy Yiuf is no longer more vulnerable to fire.
Crazy Yiuf hits you with a +3 quarterstaff of chaos.
* * * LOW HITPOINT WARNING * * *
You fade into invisibility!
You are very lightly contaminated with residual magic.
You barely miss Crazy Yiuf.
Crazy Yiuf is heavily wounded.
* * * LOW HITPOINT WARNING * * *
You feel sick.
Crazy Yiuf hits you with a +3 quarterstaff of chaos!
You die...

#................# ##....##.
#................###..##..#.
#.........................#.
#...################.###....
#...# #.# ###.. #...#
♣♣♣♣♣########). ##..# ###
♣♣♣)♣).#.###..... ##.#
#)))#♣))♣).....####... ###
#.))g@♣♣♣♣............
#)))#♣♣ ♣♣.#.)...#... ###
♣♣##..#..... #..###.#. #..#
#.## #... #.## .........
##.#..##.. #.#..#


You could see Crazy Yiuf.

Vanquished Creatures
  2 dart slugs (D:1)
  4 ball pythons
  9 endoplasms
  4 goblins
  3 hobgoblins
  3 jackals (D:1)
  6 bats
  2 kobolds
  A rat (D:2)
34 creatures vanquished.

Vanquished Creatures (others)
  A plant (D:1)
1 creature vanquished.

Grand Total: 35 creatures vanquished

Notes
Turn   | Place    | Note
-------+----------+-------------------------------------------
     0 | D:1      | andesha the Hill Orc Cinder Acolyte began the quest for the
                  | Orb.
     0 | D:1      | Reached XP level 1. HP: 19/19 MP: 2/2
   213 | D:1      | Reached XP level 2. HP: 24/27 MP: 3/3
   221 | D:1      | Learned a level 2 spell: Scorch
   927 | D:1      | Reached XP level 3. HP: 21/33 MP: 1/4
  1587 | D:2      | Found a runed translucent door.
  1588 | D:2      | Noticed Crazy Yiuf
  1596 | D:2      | Slain by Crazy Yiuf

Illustrated notes

Levels and vault maps discovered:
D:1:      lightli_arrival_statue_moat, layout_basic, serial_bayou_ford_a,
          st_stairs_8, minmay_quantized
D:2:      layout_rooms, lemuel_old_faithful, uniq_crazy_yiuf_cottage

Skill      XL: |  1  2 |
---------------+-------+-----
Fighting       | 4 |  4.2
Axes           | |  4.4
Dodging        | |  0.2
Stealth        | |  0.1
Spellcasting   | |  1.3
Fire Magic     | |  3.8

Action                   || total
-------------------------++-------
Melee: Hand axe          ||    53
 Cast: Scorch            ||    23
  Use: Scroll            ||     5
Armor: Robe              ||    11
Dodge: Dodged            ||    42

Table legend: (Time is in decaauts)
 A = Elapsed time spent in this place.
 B = Non-inter-level travel time spent in this place.
 C = Inter-level travel time spent in this place.
 D = Time resting spent in this place.
 E = Time spent auto-exploring this place.
 F = Levels seen in this place.
 G = Mean time per level.
                   A        B        C        D        E       F      G
               +--------+--------+--------+--------+--------+-----+--------+
         Total |   1602 |   1551 |     51 |    333 |    915 |   2 |  801.0 |
       Dungeon |   1602 |   1551 |     51 |    333 |    915 |   2 |  801.0 |
               +--------+--------+--------+--------+--------+-----+--------+

Top non-repeatable levels by time:
     D:1: 1442 daAuts
     D:2: 160 daAuts
